 Dungeon Crawl Stone Soup version 0.27-a0-1525-g1038ab4fd7 (webtiles) character file.

Game seed: 2949642945579481461

6 elagabalus the Chopper (level 1, 9/19 HPs)
             Began as a Hill Orc Berserker on July 8, 2021.
             Was a Follower of Trog.
             Quit the game on level 1 of the Dungeon on July 10, 2021.
             The game lasted 00:02:12 (154 turns).

elagabalus the Chopper (Hill Orc Berserker)          Turns: 154, Time: 00:02:12

Health: 9/19       AC:  2    Str: 19    XL:     1   Next: 90%
Magic:  1/1        EV: 11    Int:  7    God:    Trog [*.....]
Gold:   36         SH:  0    Dex: 10    Spells: 0/0 levels left

rFire    . . .     SeeInvis .   a - +0 hand axe
rCold    . . .     Faith    .   (no shield)
rNeg     . . .     Spirit   .   b - +0 animal skin
rPois    .         Reflect  .   (no helmet)
rElec    .         Harm     .   (no cloak)
rCorr    .         Rampage  .   (no gloves)
Will     .....                  (no boots)
Stlth    +.........             (no amulet)
HPRegen  0.06/turn              (no ring)
MPRegen  0.07/turn              (no ring)

@: no status effects
A: no striking features
a: Renounce Religion, Berserk


You were on level 1 of the Dungeon.
You worshipped Trog.
Trog was aware of your devotion.
You visited 1 branch of the dungeon, and saw 1 of its levels.

You collected 36 gold pieces.

Inventory:

Hand Weapons
 a - a +0 hand axe (weapon)
Armour
 b - a +0 animal skin (worn)
Scrolls
 c - a scroll of identify {unknown}


   Skills:
 - Level 3.6 Fighting
 * Level 4.6 Axes
 - Level 2.1 Armour
 - Level 1.5 Dodging


You couldn't memorise any spells.
You didn't know any spells.
Your spell library was empty.

Dungeon Overview and Level Annotations

Branches:
Dungeon (1/15)

Altars:


Message History

You hit the frilled lizard.
You kill the frilled lizard!
Trog accepts your kill.
A quokka comes into view.
The quokka moves out of view.
You see here a frilled lizard corpse.
You hit the quokka but do no damage. The quokka closely misses you.
You hit the quokka but do no damage. The quokka barely misses you.
You hit the quokka.
The quokka is lightly wounded.
The quokka closely misses you.
The quokka bites you but does no damage.
You barely miss the quokka.
The quokka is lightly wounded.
The quokka barely misses you.
You hit the quokka.
You kill the quokka!
Trog accepts your kill.
An endoplasm comes into view.
The endoplasm quivers.
Found a stone staircase leading down.
You see here a quokka corpse.
You barely miss the endoplasm. The endoplasm freezes you.
You are frozen.
You hit the endoplasm.
The endoplasm is moderately wounded.
The endoplasm freezes you.
You are frozen.
You hit the endoplasm.
The endoplasm is almost dead.
The endoplasm freezes you.
You are frozen.
You hit the endoplasm.
You kill the endoplasm!
Trog accepts your kill.
Welcome back, elagabalus the Hill Orc Berserker.
Trog says: Kill them all!
Press ? for a list of commands and other information.
Are you sure you want to abandon this character and quit the game? (Confirm with "yes".)

#.....#####'##.
#.#.....#......
#.#†###.######. . #...#
#........ ..
###.#########..##
...#####.†.##.........#
......................#
.#...................#
....#..@..............#
.........##...........##
..#......# #########...#
#........# #....
###...>..# ###.#
#......# #.# #......#
#.# #......# #.. ##.


There were no monsters in sight!

Vanquished Creatures
  An endoplasm (D:1)
  A hobgoblin (D:1)
  A kobold (D:1)
  A quokka (D:1)
  A frilled lizard (D:1)
5 creatures vanquished.

Notes
Turn   | Place    | Note
-------+----------+-------------------------------------------
     0 | D:1      | elagabalus the Hill Orc Berserker began the quest for the
                  | Orb.
     0 | D:1      | Reached XP level 1. HP: 19/19 MP: 1/1
   154 | D:1      | Upgraded the game from 0.27-a0-1500-g450c7e4133 to
                  | 0.27-a0-1525-g1038ab4fd7
   154 | D:1      | Quit the game

Illustrated notes

Levels and vault maps discovered:
D:1:      evilmike_arrival_fibonacci_small, layout_rooms

Action                   || total
-------------------------++-------
Melee: Hand axe          ||    19
Armor: Animal skin       ||     1
Dodge: Dodged            ||    10

Table legend: (Time is in decaauts)
 A = Elapsed time spent in this place.
 B = Non-inter-level travel time spent in this place.
 C = Inter-level travel time spent in this place.
 D = Time resting spent in this place.
 E = Time spent auto-exploring this place.
 F = Levels seen in this place.
 G = Mean time per level.
                   A        B        C        D        E       F      G
               +--------+--------+--------+--------+--------+-----+--------+
         Total |    155 |    155 |      0 |      0 |      0 |   1 |  155.0 |
       Dungeon |    155 |    155 |      0 |      0 |      0 |   1 |  155.0 |
               +--------+--------+--------+--------+--------+-----+--------+

Top non-repeatable levels by time:
     D:1: 155 daAuts
